 Dungeon Crawl Stone Soup version 0.25-a0-634-gd1561dc703 (webtiles) character file.

Game seed: 769056831138143807, levelgen mode: deterministic

18 DasRunzen the Grave Robber (level 2, -1/22 HPs)
             Began as a Ghoul Necromancer on Mar 20, 2020.
             Slain by a hound (3 damage)
             ... on level 2 of the Dungeon.
             The game lasted 00:04:36 (463 turns).

DasRunzen the Grave Robber (Ghoul Necromancer)       Turns: 463, Time: 00:04:37

Health: -1/22      AC:  2    Str: 11    XL:     2   Next: 70%
Magic:  1/4        EV: 12    Int: 10    God:
Gold:   19         SH:  0    Dex:  9    Spells: 3/5 levels left

rFire    . . .     SeeInvis .   f - +0 spear
rCold    + . .     Gourm    .   (no shield)
rNeg     + + +     Faith    .   a - +0 robe
rPois    ∞         Spirit   .   (no helmet)
rElec    .         Reflect  .   (no cloak)
rCorr    .         Harm     .   (no gloves)
MR       .....                  (no boots)
Stlth    ++........             (no amulet)
HPRegen  0.00/turn              (no ring)
MPRegen  0.09/turn              (no ring)

@: very slightly contaminated, rotting
A: rotting body, claws 1, carnivore, cold resistance 1, negative energy
resistance 3, inhibited regeneration, torment resistance, unbreathing
a: no special abilities


You were on level 2 of the Dungeon.
You were not hungry.

You visited 1 branch of the dungeon, and saw 2 of its levels.

You collected 19 gold pieces.

Inventory:

Hand Weapons
 f - a +0 spear (weapon)
Missiles
 i - 11 poisoned darts (quivered)
Armour
 a - a +0 robe (worn)
Scrolls
 e - a scroll of teleportation {unknown}
 g - a scroll of identify {unknown}
 h - a scroll of remove curse {unknown}
Comestibles
 c - 2 rations
 d - 5 chunks of flesh


   Skills:
 + Level 0.9 Fighting
 + Level 0.3 Polearms
 + Level 2.0 Dodging
 - Level 2.1 Stealth
 - Level 0.4 Unarmed Combat
 + Level 2.0 Spellcasting
 + Level 4.1 Necromancy


You had 3 spell levels left.
You knew the following spells:

 Your Spells              Type           Power        Failure   Level  Hunger
a - Pain                  Necr           #...         6%          1    ##.....
b - Animate Skeleton      Necr           N/A          6%          1    ##.....

Your spell library contained the following spells:

 Spells                   Type           Power        Failure   Level  Hunger
 Vampiric Draining        Necr           #.........   17%         3    ####...
 Animate Dead             Necr           N/A          50%         4    #####..
 Agony                    Necr           #.......     85%         5    ######.


Dungeon Overview and Level Annotations

Branches:
Dungeon (1/15)

Altars:
Trog


Innate Abilities, Weirdness & Mutations

Your body is rotting away.
You thrive on raw meat.
You are immune to poison.
You have sharp fingernails.
You are carnivorous and can eat meat at any time.
Your flesh is cold resistant. (rC+)
You are immune to negative energy. (rN+++)
You do not regenerate when monsters are visible.
You are immune to unholy pain and torment.
You can survive without breathing.


Message History

The hound bites you. The hound misses you.
You hit the hound.
The hound is heavily wounded.
The hound bites you.
* * * LOW HITPOINT WARNING * * *
The hound bites you but does no damage.
You closely miss the hound.
The hound is heavily wounded.
The hound misses you.
You miss the hound.
The hound is heavily wounded.
The hound barely misses you. The hound closely misses you.
You hit the hound but do no damage.
The hound is heavily wounded.
The hound bites you.
* * * LOW HITPOINT WARNING * * *
It was a potion of berserk rage.
You cannot raise a blood rage in your lifeless body.
The hound bites you.
You die...

...## ....# ...# ....#
.(....# ....# .....#
....# ## .....# ....#
####.. .[..# ...## #...
h...
...#######.##########.#
...>..<.........@hhhh.##
##.#####..##########h..#
##.#.....## #####
......#### #.##....#
#.)...#.# ......#.##
.####.#..# .# #.##.##


You could see a hound and 4 jackals.

Vanquished Creatures
  An adder (D:2)
  2 giant cockroaches
  A goblin (D:2)
  A hobgoblin (D:2)
  A kobold (D:2)
  A quokka (D:2)
  A bat (D:1)
  A rat (D:1)
9 creatures vanquished.

Vanquished Creatures (collateral kills)
  2 quokkas (D:2)
2 creatures vanquished.

Grand Total: 11 creatures vanquished

Notes
Turn   | Place    | Note
-------+----------+-------------------------------------------
     0 | D:1      | DasRunzen the Ghoul Necromancer began the quest for the
                  | Orb.
     0 | D:1      | Reached XP level 1. HP: 14/14 MP: 2/2
   133 | D:1      | Learned a level 1 spell: Animate Skeleton
   166 | D:1      | You fall into a shaft and drop 1 floor!
   260 | D:2      | Reached XP level 2. HP: 15/22 MP: 3/3
   361 | D:2      | Found a bloodstained altar of Trog.
   463 | D:2      | Slain by a hound

Levels and vault maps discovered:
D:1:      scummos_arrival_hexagon, layout_loops_ring
D:2:      layout_rooms, bloody_trog, bh_walls_and_bars

Skill      XL: |  1  2 |
---------------+-------+-----
Dodging        | 2 |  2.0
Spellcasting   | 2 |  2.0
Fighting       | |  0.9
Polearms       | |  0.3
Stealth        | |  2.1
Unarmed Combat | |  0.4
Necromancy     | |  4.1

Action                   || total
-------------------------++-------
Melee: Unarmed           ||    24
       Spear             ||    19
Throw: Dart              ||     2
 Cast: Animate Skeleton  ||     6
       Pain              ||     5
  Use: Potion            ||     1
Armor: Robe              ||     9
Dodge: Dodged            ||    32

Table legend:
 A = Non-vault XP
 B = Vault XP
 C = Vault XP percentage of total XP
 D = Non-vault monster count
 E = Vault monster count
 F = Vault count percentage of total count
                 A         B        C        D         E       F
            +---------+---------+-------+---------+---------+-------
      Total |      27 |       0 |   0.0 |      11 |       0 |   0.0
            +---------+---------+-------+---------+---------+-------
        D:1 |       4 |       0 |   0.0 |       3 |       0 |   0.0
        D:2 |      23 |       0 |   0.0 |       8 |       0 |   0.0
            +---------+---------+-------+---------+---------+-------
